 Dungeon Crawl Stone Soup version 0.20.1-1-g8b1a95d (webtiles) character file.

216669 robertstho the Executioner (level 18, -9/182 HPs)
             Began as a Minotaur Berserker on Oct 19, 2017.
             Was the Champion of Trog.
             Mangled by a tarantella (14 damage)
             ... on level 3 of the Spider Nest.
             The game lasted 02:57:01 (27856 turns).

robertstho the Executioner (Minotaur Berserker)    Turns: 27856, Time: 02:57:01

Health: -9/182     AC:  6    Str: 29    XL:     18   Next: 74%
Magic:  15/15      EV: 11    Int:  1    God:    Trog [******]
Gold:   2245       SH:  0    Dex: 16    Spells: 17/17 levels left

rFire    . . .     SeeInvis +   O - +7 executioner's axe (flame)
rCold    + . .     Gourm    .   (shield currently unavailable)
rNeg     . . .     Faith    .   P - +5 plate armour {rC+}
rPois    +         Spirit   .   W - +2 hat {SInv}
rElec    .         Reflect  .   R - scarf {repulsion}
rCorr    .         Harm     .   U - +0 pair of gloves
MR       +....                  r - +0 pair of boots "Jaes" {Str+5 Int-3 Stlth+}
Stlth    ..........             J - amulet of regeneration
Regen    0.8/turn               g - ring of poison resistance
MPRegen  0.2/turn               B - +5 ring of slaying

@: lethally poisoned (-9 -> -9), corroded, berserk cooldown, flying, slowed,
repel missiles, very slow
A: retaliatory headbutt, horns 2, low mp 1
a: Berserk, Trog's Hand, Brothers in Arms, Burn Spellbooks, Renounce Religion


You were on level 3 of the Spider Nest.
You worshipped Trog.
Trog was exalted by your worship.
You were not hungry.

You visited 5 branches of the dungeon, and saw 29 of its levels.
You visited the Abyss 1 time.
You also visited: Labyrinth, Ossuary, Bailey and Ice Cave.

You collected 3770 gold pieces.
You spent 1525 gold pieces at shops.

Inventory:

Hand Weapons
 l - the +1 broad axe "Qidgh" {flame, Str+3 Int+3}
   (You found it on level 3 of the Elven Halls)

   It has been specially enchanted to burn those struck by it, causing extra
   injury to most foes and up to half again as much damage against particularly
   susceptible opponents.
   Big, fiery blades are also staple armaments of hydra-hunters.
   It affects your strength (+3).
   It affects your intelligence (+3).
 K - a +1 antimagic executioner's axe
 O - a +7 executioner's axe of flaming (weapon)
 S - the +8 war axe of Trog's Righteous Anger {chop, rElec}
   (Trog gifted it to you on level 2 of the Elven Halls)

   It inflicts extra damage upon your enemies.
   It insulates you from electricity.
Armour
 r - the +0 pair of boots "Jaes" (worn) {Str+5 Int-3 Stlth+}
   (You found it on level 2 of the Lair of Beasts)

   It affects your strength (+5).
   It affects your intelligence (-3).
   It makes you more stealthy.
 P - a +5 plate armour of cold resistance (worn)
 R - a scarf of repulsion (worn)
 U - a +0 pair of gloves (worn)
 W - a +2 hat of see invisible (worn)
Jewellery
 g - a ring of poison resistance (left hand)
 m - an uncursed ring of fire
 u - an uncursed ring of ice
 B - a +5 ring of slaying (right hand)
 E - an uncursed ring of flight
 F - the ring "Uvvuurafipu" {rF+ rC+ Int+3}
   (You found it on level 8 of the Dungeon)

   [ring of intelligence]

   It affects your intelligence (+3).
   It protects you from fire.
   It protects you from cold.
 J - an amulet of regeneration (around neck)
Wands
 b - a wand of acid (12/15)
 d - a wand of lightning (15/15)
 n - a wand of iceblast (15/15)
 s - a wand of flame (48/48)
 w - a wand of acid (8/15)
 C - a wand of lightning (3/15)
 D - a wand of iceblast (7/15)
 H - a wand of paralysis (15/24)
 L - a wand of digging (23/24)
 V - a wand of acid (2/15)
 Z - a wand of disintegration (17/24)
Scrolls
 a - 2 scrolls of brand weapon
 k - 27 scrolls of remove curse
 v - 3 scrolls of fear
 y - 11 scrolls of teleportation
 A - 5 scrolls of blinking
 M - a scroll of summoning
 N - 2 scrolls of fog
 Q - 2 scrolls of silence
 T - 2 scrolls of magic mapping
Potions
 e - a potion of ambrosia
 h - a potion of invisibility
 j - 8 potions of might
 o - 16 potions of curing
 p - 2 potions of berserk rage
 q - 6 potions of haste
 t - a potion of resistance
 z - 3 potions of flight
 G - a potion of agility
 I - 3 potions of heal wounds
Miscellaneous
 x - a lightning rod (4/4)
 Y - a phantom mirror
Comestibles
 c - 19 bread rations
 f - 22 royal jellies
 i - 6 meat rations
 X - 4 fruits


   Skills:
 * Level 21.4 Fighting
   Level 3.9 Long Blades
 * Level 25.8 Axes
   Level 2.3(18.0) Maces & Flails
 + Level 14.2 Armour
 + Level 4.3 Dodging
 + Level 2.0 Stealth
   Level 9.0 Shields


You had 17 spell levels left.
You didn't know any spells.

Dungeon Overview and Level Annotations

Branches:
Dungeon (15/15)            Temple (0/1) D:5            Lair (6/6) D:10
 Shoals (0/4) Lair:4       Spider (3/4) Lair:4        Slime (0/5) Lair:6
    Orc (2/2) D:9             Elf (3/3) Orc:2        Vaults (0/5) D:14
 Depths (0/5) D:15

Altars:
Ashenzari
Dithmenos
Elyvilon
Hepliaklqana
Nemelex Xobeh
Okawaru
Qazlal
Ru
Sif Muna
Trog
Yredelemnul

Shops:
D:14 %   Orc:2 [!?*   Elf:1 (**


Innate Abilities, Weirdness & Mutations

You reflexively headbutt those who attack you in melee.
You have a pair of horns on your head.
Your magical capacity is low. (-10% MP)


Message History

* * * LOW HITPOINT WARNING * * *
The tarantella bites you!
* * * LOW HITPOINT WARNING * * *
The wolf spider barely misses you.
The wolf spider bites you but does no damage.
The tarantella closely misses you. The wolf spider hits you!!
* * * LOW HITPOINT WARNING * * *
The wolf spider bites you.
* * * LOW HITPOINT WARNING * * *
2 wolf spiders come into view.
You feel much better.
You feel less confused.
You feel sick.
The wolf spider hisses angrily. x2
The tarantella bites you but does no damage.
The wolf spider hits you!
* * * LOW HITPOINT WARNING * * *
The wolf spider bites you but does no damage.
The tarantella bites you!
You die...

....≈≈#≈#≈.<#≈#
#...≈≈≈#≈≈..≈#≈≈≈
...≈≈≈≈≈≈≈≈≈≈≈≈#
....≈≈≈#≈≈##≈#≈≈≈..
.#≈##≈≈≈≈≈≈≈##.#.
##†#≈≈≈###≈≈. #
#.^)≈≈≈≈≈≈≈≈#.
####†.†.....# #
#s..@#..?>.$
.........s#ss....#
......†....s......
.#.........s.#...#
......†........#..
.#...#.s.$.#.#.. .
^..^....#.....<.
#...#s...#.......


You could see a demonic crawler, 3 wolf spiders, 3 tarantellas and a redback
(wandering).

Vanquished Creatures
  2 deep elf master archers (Elf:3)
  3 deep elf blademasters
  A tentacled starspawn (Abyss:1)
  Kirke (Spider:2)
  Gastronok (D:10)
  Donald (Elf:1)
  Roxanne (Spider:2)
  An emperor scorpion (Spider:3)
  5 deep elf sorcerers
  A ghost moth (Spider:2)
  2 deep elf elementalists (Elf:3)
  2 entropy weavers
  6 deep elf annihilators
  Azrael (Elf:2)
  4 deep elf demonologists (Elf:3)
  6 deep elf death magi
  A fire dragon (Lair:6)
  2 deep elf high priests (Elf:3)
  A minotaur (Lab)
  A vault guard (D:14)
  Harold (Lair:3)
  4 ogre magi
  A rakshasa (D:14)
  A great orb of eyes (D:14)
  A catoblepas (Lair:5)
  Fannar (Lair:3)
  9 hydras
  19 two-headed ogres
  Erica (Lair:1)
  An anaconda (Lair:6)
  2 tengu warriors
  26 dancing weapons
  3 death yaks (D:10)
  3 orc high priests
  A vampire mage (D:15)
  Sonja (D:11)
  2 thrashing horrors (Abyss:1)
  12 deep elf knights
  2 skeletal warriors (D:15)
  2 wretched stars (Abyss:1)
  3 unseen horrors
  16 deep elf archers
  A swamp dragon (Lair:6)
  7 large abominations
  A wolf spider zombie (D:13)
  5 necromancers
  6 orb spiders
  An orc knight (D:14)
  4 ugly things
  63 deep elf magi
  2 orc sorcerers (Orc:1)
  12 wolf spiders
  A frost giant zombie (D:15)
  4 oklob plants (Lair:2)
  4 manticores
  A worldbinder (Abyss:1)
  5 cyclopes
  16 elephants
  Joseph (D:8)
  8 black mambas
  A black mamba (shapeshifter) (D:13)
  8 gargoyles
  An eye of devastation (Lair:6)
  An ice statue (IceCv)
  2 torpor snails
  A spiny frog (shapeshifter) (D:13)
  12 spiny frogs
  A yaktaur zombie (D:15)
  A rime drake (Lair:6)
  10 freezing wraiths (IceCv)
  7 komodo dragons
  2 efreet
  A tengu conjurer (D:15)
  7 demonic crawlers
  A hellwing (Abyss:1)
  17 jumping spiders
  12 polar bears
  An ice devil (Abyss:1)
  A merfolk (D:9)
  A meliai (shapeshifter) (Elf:3)
  9 trolls
  3 hornets
  The ghost of Fireblaze683 the Skirmisher, an amateur DsGl (D:7)
  6 slime creatures
  A deep troll zombie (D:15)
  4 blink frogs (Lair:6)
  A minotaur skeleton (Lab)
  9 hippogriffs
  A meliai zombie (D:15)
  4 raiju
  5 shadows
  40 redbacks
  7 water elementals
  23 tarantellas
  5 air elementals
  A tarantella (shapeshifter) (D:14)
  A wyvern (Lair:6)
  2 ynoxinuls (Abyss:1)
  6 fire elementals
  A wraith (D:12)
  36 yaks
  7 basilisks
  A fire bat (Abyss:1)
  6 hogs (Spider:2)
  A golden eye (Abyss:1)
  2 steam dragons (Lair:6)
  9 hungry ghosts (Lab)
  A neqoxec (Abyss:1)
  5 wargs
  A death yak simulacrum (IceCv)
  7 vampire mosquitoes
  2 small abominations (Abyss:1)
  A tengu zombie (D:15)
  3 acid dragons
  A soldier ant (D:14)
  A swamp worm (shapeshifter) (Elf:1)
  13 water moccasins
  Duvessa (D:6)
  16 hell hounds
  4 porcupines
  16 orc warriors
  2 swamp drakes (Lair:6)
  An alligator simulacrum (IceCv)
  3 phantoms (D:9)
  8 necrophages
  The ghost of LimpingMinnow the Cudgeler, an amateur MiMo (D:3)
  An eye of draining (Lair:6)
  13 ice beasts
  6 sky beasts
  13 black bears
  29 ogres
  17 wolves
  6 centaurs
  16 crocodiles
  An elf zombie (Elf:1)
  A big kobold (D:10)
  20 bullfrogs
  Dowan (D:6)
  7 earth elementals
  A water moccasin skeleton (D:4)
  12 scorpions
  A swamp dragon simulacrum (IceCv)
  A troll zombie (D:9)
  26 killer bees
  5 wights
  4 howler monkeys
  12 crimson imps
  3 bullfrog zombies
  5 centaur zombies
  A quasit (D:12)
  4 draconian simulacra (IceCv)
  4 hounds
  2 jellies
  15 orc wizards
  6 centaur skeletons
  9 orc priests
  3 bullfrog skeletons
  8 iguanas
  Jessica (D:2)
  Terence (D:2)
  9 hell rats
  13 worker ants
  A polar bear simulacrum (IceCv)
  A spriggan simulacrum (IceCv)
  4 troll simulacra (IceCv)
  A killer bee zombie (D:8)
  4 big kobold zombies (Ossuary)
  4 ogre zombies (D:9)
  A hound zombie (D:6)
  3 mummies (Ossuary)
  A hound skeleton (D:10)
  A worker ant zombie (D:11)
  2 howler monkey skeletons
  3 gnolls (D:4)
  3 naga simulacra (IceCv)
  10 adders
  An ogre simulacrum (IceCv)
  2 river rats (D:4)
  2 scorpion zombies (Ossuary)
  4 shadow imps
  21 white imps
  2 ufetubi
  An ooze (D:2)
  2 adder zombies
  2 adder skeletons
  A worm (D:4)
  3 dart slugs
  6 leopard geckos
  61 orcs
  4 giant cockroaches
  A gnoll zombie (Ossuary)
  11 goblins
  4 hobgoblins
  11 jackals
  5 quokkas
  6 ball pythons
  7 bats
  8 frilled lizards
  A goblin skeleton (D:9)
  5 goblin zombies
  A hobgoblin skeleton (D:9)
  2 hobgoblin zombies
  A jackal skeleton (D:5)
  10 kobolds
  3 kobold zombies (Ossuary)
  A leopard gecko skeleton (D:5)
  2 orc skeletons (D:9)
  13 orc zombies
  15 rats
  2 crawling corpses (Elf:3)
  2 fungi (Lair:5)
  9 plants
  2 starspawn tentacles (Abyss:1)
  A withered plant (D:15)
1215 creatures vanquished.

Vanquished Creatures (collateral kills)
  An ogre mage (Orc:2)
  2 two-headed ogres
  A dancing weapon (Elf:2)
  A deep elf knight (Elf:2)
  A deep elf archer (Elf:2)
  3 orb spiders
  3 deep elf magi (Elf:2)
  A wolf spider (Spider:1)
  A demonic crawler (Spider:3)
  2 redbacks (Spider:1)
  A fire elemental (Elf:2)
  2 yaks (D:11)
  A tarantella (Spider:3)
  A hungry ghost (D:9)
  A hell hound (Elf:2)
  7 ogres (Orc:2)
  A draconian simulacrum (IceCv)
  An orc priest (D:9)
  A bullfrog skeleton (D:11)
  2 troll simulacra (IceCv)
  A spriggan simulacrum (IceCv)
  An ogre zombie (D:9)
  A centaur simulacrum (IceCv)
  A naga simulacrum (IceCv)
  An ogre simulacrum (IceCv)
  4 white imps (IceCv)
43 creatures vanquished.

Vanquished Creatures (others)
  2 deep elf knights (Elf:2)
  A jumping spider (Spider:2)
  A redback (Spider:1)
  A tarantella (Spider:1)
  A hog (Spider:2)
  A hell hound (Elf:2)
  An adder skeleton (D:9)
  7 fungi
  10 plants
  5 starspawn tentacles (Abyss:1)
30 creatures vanquished.

Grand Total: 1288 creatures vanquished

Notes
Turn   | Place    | Note
-------+----------+-------------------------------------------
     0 | D:1      | robertstho the Minotaur Berserker began the quest for the Orb.
     0 | D:1      | Reached XP level 1. HP: 19/19 MP: 0/0
   403 | D:1      | Reached XP level 2. HP: 27/27 MP: 1/1
   408 | D:1      | Reached skill level 4 in Axes
   942 | D:2      | Reached ** piety under Trog
   973 | D:2      | Reached XP level 3. HP: 34/34 MP: 2/2
  1233 | D:2      | Noticed Terence
  1253 | D:2      | Killed Terence
  1253 | D:2      | Reached skill level 5 in Fighting
  1253 | D:2      | Reached XP level 4. HP: 21/42 MP: 3/3
  1448 | D:2      | Found a deep blue altar of Sif Muna.
  1608 | D:2      | Found a sparkling altar of Nemelex Xobeh.
  1636 | D:2      | Noticed Jessica
  1637 | D:2      | Reached skill level 5 in Axes
  1642 | D:2      | Killed Jessica
  1671 | D:2      | Found a white marble altar of Elyvilon.
  1773 | D:3      | Noticed LimpingMinnow's ghost (amateur MiMo)
  1781 | D:3      | Killed LimpingMinnow's ghost
  1781 | D:3      | Reached skill level 6 in Axes
  1781 | D:3      | Reached XP level 5. HP: 48/48 MP: 4/4
  1861 | D:3      | Found a shattered altar of Ashenzari.
  2133 | D:3      | Found a sacrificial altar of Ru.
  2185 | D:3      | Reached XP level 6. HP: 47/56 MP: 5/5
  2673 | D:4      | Reached skill level 7 in Axes
  2673 | D:4      | Reached *** piety under Trog
  2700 | D:4      | You fall through a shaft for 2 floors!
  2710 | D:6      | Noticed an ice beast
  2714 | D:5      | Entered Level 5 of the Dungeon
  2772 | D:5      | Found a basalt altar of Yredelemnul.
  2804 | D:5      | Found a staircase to the Ecumenical Temple.
  2962 | D:5      | Reached XP level 7. HP: 60/62 MP: 6/6
  3150 | D:5      | Found a shadowy altar of Dithmenos.
  3310 | D:5      | Reached skill level 8 in Axes
  3408 | D:5      | Noticed a moth of wrath
  3410 | D:5      | Found a bloodstained altar of Trog.
  3716 | D:4      | Found a hazy altar of Hepliaklqana.
  3889 | D:4      | Reached **** piety under Trog
  4036 | D:6      | Reached skill level 9 in Axes
  4252 | D:6      | Noticed Duvessa
  4252 | D:6      | Noticed Dowan
  4261 | D:6      | Killed Duvessa
  4261 | D:6      | Reached XP level 8. HP: 71/71 MP: 7/7
  4263 | D:6      | Killed Dowan
  4582 | D:6      | Reached skill level 10 in Axes
  5126 | D:7      | Reached skill level 11 in Axes
  5165 | D:7      | Reached XP level 9. HP: 52/81 MP: 8/8
  5501 | D:7      | Reached ***** piety under Trog
  5658 | D:7      | Noticed Fireblaze683's ghost (amateur DsGl)
  5666 | D:7      | Killed Fireblaze683's ghost
  5666 | D:7      | Reached skill level 1 in Stealth
  5806 | D:7      | Reached skill level 12 in Axes
  6011 | D:8      | Found a sparkling altar of Nemelex Xobeh.
  6025 | D:8      | Noticed Joseph
  6041 | D:8      | Killed Joseph
  6041 | D:8      | Reached skill level 5 in Armour
  6116 | D:8      | Found an iron altar of Okawaru.
  6205 | D:8      | Reached skill level 13 in Axes
  6205 | D:8      | Reached skill level 1 in Shields
  6242 | D:8      | Got a smoking turquoise ring
  6245 | D:8      | Identified the ring "Uvvuurafipu" {rF+ rC+ Int+3} (You found it on level 8 of the Dungeon)
  6279 | D:8      | Found a flagged portal.
  6284 | Bailey   | Entered a bailey
  6284 | Bailey   | Noticed an orc knight
  6295 | Bailey   | Noticed an orc knight
  6403 | D:8      | Found a sand-covered staircase.
  6408 | Ossuary  | Entered an ossuary
  6502 | Ossuary  | Reached XP level 10. HP: 91/92 MP: 9/9
  6515 | Ossuary  | Received a gift from Trog
  6805 | D:8      | Reached skill level 10 in Fighting
  6985 | D:9      | Reached skill level 14 in Axes
  7232 | D:9      | Found a staircase to the Orcish Mines.
  7537 | D:9      | Noticed a two-headed ogre
  7543 | D:9      | Killed a two-headed ogre
  7558 | D:9      | Reached skill level 15 in Axes
  7869 | D:10     | Entered Level 10 of the Dungeon
  7923 | D:10     | Reached XP level 11. HP: 62/102 MP: 10/10
  8079 | D:10     | Noticed Gastronok
  8088 | D:10     | Killed Gastronok
  8138 | D:10     | Noticed a death yak
  8141 | D:10     | Noticed a death yak
  8142 | D:10     | Noticed a death yak
  8142 | D:10     | Found a staircase to the Lair.
  8149 | D:10     | Killed a death yak
  8149 | D:10     | Reached skill level 16 in Axes
  8151 | D:10     | Killed a death yak
  8160 | D:10     | Killed a death yak
  8403 | D:10     | Noticed a two-headed ogre
  8413 | D:10     | Killed a two-headed ogre
  8897 | D:11     | Reached ****** piety under Trog
  8940 | D:11     | Noticed a green ugly thing
  8951 | D:11     | Killed a green ugly thing
  9009 | D:11     | Reached XP level 12. HP: 91/113 MP: 11/11
  9010 | D:11     | Reached skill level 17 in Axes
  9098 | D:11     | Noticed a seven-headed hydra
  9106 | D:11     | Killed a seven-headed hydra
  9356 | D:11     | Noticed Sonja
  9367 | D:11     | Cast into level 1 of the Abyss (Sonja)
  9447 | Abyss:1  | Reached skill level 1 in Maces & Flails
  9524 | Abyss:1  | Noticed a tentacled starspawn
  9574 | Abyss:1  | Killed a tentacled starspawn
  9601 | Abyss:1  | Gained mutation: Your magical capacity is low. (-10% MP) [a neqoxec]
  9675 | Abyss:1  | Found a basalt altar of Yredelemnul.
  9706 | Abyss:1  | Reached skill level 5 in Shields
  9710 | Abyss:1  | Found a bloodstained altar of Trog.
  9711 | Abyss:1  | Noticed a hellephant
  9976 | Abyss:1  | Found a corrupted altar of Lugonu.
  9994 | D:11     | Escaped the Abyss
 10001 | D:11     | Noticed a two-headed ogre
 10002 | D:11     | Killed Sonja
 10006 | D:11     | Killed a two-headed ogre
 10240 | D:11     | Noticed a two-headed ogre
 10243 | D:11     | Killed a two-headed ogre
 10316 | D:11     | Noticed a two-headed ogre
 10324 | D:11     | Killed a two-headed ogre
 10324 | D:11     | Reached XP level 13. HP: 118/125 MP: 9/9
 10597 | D:12     | Received a gift from Trog
 11042 | D:13     | Reached skill level 18 in Axes
 11208 | D:13     | Reached skill level 15 in Fighting
 11393 | D:13     | Received a gift from Trog
 11496 | D:13     | Found a stormy altar of Qazlal.
 11535 | D:13     | Reached skill level 1 in Long Blades
 11765 | D:14     | Reached skill level 10 in Armour
 12022 | D:14     | Found a gate to the Vaults.
 12359 | D:14     | Found Jeluisopna's Food Emporium.
 12411 | D:14     | Reached XP level 14. HP: 136/137 MP: 11/11
 12791 | D:15     | Entered Level 15 of the Dungeon
 12978 | D:15     | Found a frozen archway.
 13005 | IceCv    | Entered an ice cave
 13029 | IceCv    | Received a gift from Trog
 13394 | IceCv    | Reached skill level 19 in Axes
 13435 | IceCv    | Found an ancient bone altar of Kikubaaqudgha.
 13818 | D:15     | Received a gift from Trog
 13875 | D:15     | Found a staircase to the Depths.
 14824 | Orc:1    | Entered Level 1 of the Orcish Mines
 15186 | Orc:2    | Entered Level 2 of the Orcish Mines
 15291 | Orc:2    | Found a staircase to the Elven Halls.
 15301 | Orc:2    | Found Tinoamyt's Magic Scroll Boutique.
 15301 | Orc:2    | Found Cuhiun's Assorted Antiques.
 15317 | Orc:2    | HP: 7/210 [two-headed ogre/giant club (7)]
 15335 | Orc:2    | HP: 7/140 [two-headed ogre/giant club (11)]
 15476 | Orc:2    | Reached XP level 15. HP: 147/147 MP: 12/12
 15612 | Orc:2    | Received a gift from Trog
 15673 | Orc:2    | Reached skill level 20 in Axes
 15694 | Orc:2    | Found Notur's Armour Shoppe.
 15696 | Orc:2    | Found Pulil's Distillery.
 15718 | Orc:2    | Bought a scroll of identify for 46 gold pieces
 15718 | Orc:2    | Bought a potion of heal wounds for 115 gold pieces
 15718 | Orc:2    | Bought a potion of haste for 230 gold pieces
 15720 | Orc:2    | Bought a scroll of blinking for 97 gold pieces
 15720 | Orc:2    | Bought a scroll of teleportation for 39 gold pieces
 15720 | Orc:2    | Bought a scroll of blinking for 97 gold pieces
 15721 | Orc:2    | Bought a scarf of repulsion for 156 gold pieces
 15734 | Orc:2    | Bought a potion of curing for 42 gold pieces
 15734 | Orc:2    | Bought a potion of invisibility for 112 gold pieces
 15734 | Orc:2    | Bought a potion of heal wounds for 70 gold pieces
 15936 | Elf:1    | Entered Level 1 of the Elven Halls
 15991 | Elf:1    | Found Beennor's General Store.
 15997 | Elf:1    | Bought a scroll of teleportation for 36 gold pieces
 15997 | Elf:1    | Bought 3 scrolls of teleportation for 108 gold pieces
 16835 | Elf:1    | Found a deep blue altar of Sif Muna.
 16843 | Elf:1    | Found Soduiqirph's Weapon Boutique.
 16850 | Elf:1    | Found Faim's Assorted Antiques.
 16956 | Elf:1    | Bought a scroll of teleportation for 87 gold pieces
 16956 | Elf:1    | Bought a potion of haste for 290 gold pieces
 17108 | Elf:1    | Noticed Donald
 17122 | Elf:1    | Killed Donald
 17362 | Elf:1    | Reached skill level 21 in Axes
 17377 | Elf:1    | Received a gift from Trog
 17545 | Elf:2    | Noticed a deep elf sorcerer
 17552 | Elf:2    | Killed a deep elf sorcerer
 17783 | Elf:2    | Noticed Azrael
 17798 | Elf:2    | Noticed a deep elf blademaster
 18181 | Lair:1   | Entered Level 1 of the Lair of Beasts
 18181 | Lair:1   | Found a labyrinth entrance.
 18181 | Lair:1   | Noticed Erica
 18185 | Lair:1   | Killed Erica
 18191 | Lab      | Entered a labyrinth
 18551 | Lab      | Reached XP level 16. HP: 159/159 MP: 13/13
 18764 | Lair:1   | Got a heavily runed buckler
 18771 | Lair:1   | Identified the cursed +0 buckler of the Sun {Int+10 Dex+3} (You found it on level 1 of the Lair of Beasts)
 19532 | Lair:2   | Got a pair of ancient boots
 19543 | Lair:2   | Identified the cursed +0 pair of boots "Jaes" {Str+5 Int-3 Stlth+} (You found it on level 2 of the Lair of Beasts)
 19950 | Lair:3   | Noticed Harold
 19962 | Lair:3   | Killed Harold
 20007 | Lair:3   | Received a gift from Trog
 20198 | Lair:3   | Noticed Fannar
 20221 | Lair:3   | Killed Fannar
 20221 | Lair:3   | Reached skill level 22 in Axes
 20670 | Lair:4   | Found a staircase to the Shoals.
 20797 | Lair:4   | Found a hole to the Spider Nest.
 20974 | Lair:4   | Identified a scroll of acquirement
 22272 | Lair:6   | Entered Level 6 of the Lair of Beasts
 22304 | Lair:6   | Received a gift from Trog
 22624 | Lair:6   | Reached skill level 23 in Axes
 22766 | Lair:6   | Found a staircase to the Slime Pits.
 23291 | Spider:1 | Entered Level 1 of the Spider Nest
 23336 | Spider:1 | Received a gift from Trog
 23359 | Spider:1 | Reached XP level 17. HP: 47/168 MP: 14/14
 23371 | Spider:1 | HP: 6/168 [wolf spider (13)]
 24120 | Elf:2    | Found a runed gate.
 24120 | Elf:2    | Found a runed gate.
 24121 | Elf:2    | Found a runed gate.
 24331 | Elf:2    | Killed Azrael
 24420 | Elf:2    | Received a gift from Trog
 24433 | Elf:2    | Got a pitted war axe {god gift}
 24448 | Elf:2    | Identified the +8 war axe of Trog's Righteous Anger {chop, rElec} (Trog gifted it to you on level 2 of the Elven Halls)
 24522 | Elf:2    | Killed a deep elf blademaster
 24529 | Elf:2    | Reached skill level 24 in Axes
 24830 | Elf:3    | Entered Level 3 of the Elven Halls
 25026 | Elf:3    | Found a magical portal.
 25513 | Elf:3    | Noticed a deep elf blademaster
 25522 | Elf:3    | Killed a deep elf blademaster
 25539 | Elf:3    | Received a gift from Trog
 25645 | Elf:3    | Noticed a deep elf master archer
 25653 | Elf:3    | Killed a deep elf master archer
 25653 | Elf:3    | Reached XP level 18. HP: 113/180 MP: 15/15
 25676 | Elf:3    | Got a dazzling broad axe
 25677 | Elf:3    | Identified the cursed +1 broad axe "Qidgh" {flame, Str+3 Int+3} (You found it on level 3 of the Elven Halls)
 25941 | Elf:3    | Got an ancient bronze amulet
 25942 | Elf:3    | Identified the amulet of Xiesock {Inacc Int-4 Dex+2 SInv} (You found it on level 3 of the Elven Halls)
 25955 | Elf:3    | Identified the cursed +0 hand axe "Noymmoag" {speed, Int+3} (You found it on level 3 of the Elven Halls)
 26097 | Elf:3    | Reached skill level 25 in Axes
 26387 | Elf:3    | Received a gift from Trog
 27118 | Spider:1 | You fall through a shaft!
 27118 | Spider:2 | Noticed Kirke
 27118 | Spider:2 | Noticed Roxanne
 27130 | Spider:2 | Killed Kirke
 27279 | Spider:2 | Killed Roxanne
 27813 | Spider:3 | Received a gift from Trog
 27855 | Spider:3 | HP: 8/182 [wolf spider (19)]
 27855 | Spider:3 | HP: 3/182 [wolf spider (5)]
 27856 | Spider:3 | Mangled by a tarantella

Skill      XL: |  1  2  3  4  5  6  7  8  9 10 11 12 13 14 15 16 17 18 |
---------------+-------------------------------------------------------+-----
Fighting       | 4 5 6 8 9 11 12 14 16 17 18 19 20 21 | 21.4
Axes           | 4 6 7 9 11 13 15 16 17 18 19 21 23 24 25 | 25.8
Armour         | 3 4 5 6 7 9 10 11 12 13 14 | 14.2
Dodging        | 3 4 |  4.3
Stealth        | 1 2 |  2.0
Shields        | 1 3 5 7 9 |  9.0
Maces & Flails | 2 |  2.3
Long Blades    | 3 |  3.9

Action                   |  1- 3 |  4- 6 |  7- 9 | 10-12 | 13-15 | 16-18 || total
-------------------------+-------+-------+-------+-------+-------+-------++-------
Melee: Hand axe          |    97 |    31 |       |       |       |       ||   128
       Headbutt          |    12 |    22 |    52 |   110 |   216 |   200 ||   612
       War axe           |       |    67 |   305 |   496 |   527 |       ||  1395
       Morningstar       |       |       |       |     5 |       |       ||     5
       Scimitar          |       |       |       |       |    18 |       ||    18
       Executioner's axe |       |       |       |       |   381 |   891 ||  1272
Invok: Berserk           |     1 |     2 |     6 |     7 |     8 |     6 ||    30
       Trog's Hand       |       |     1 |     2 |     1 |     2 |     4 ||    10
       Burn Spellbooks   |       |       |     2 |       |     3 |     4 ||     9
       Brothers in Arms  |       |       |       |     4 |     6 |     2 ||    12
Evoke: Wand              |       |       |       |       |     1 |       ||     1
  Use: Scroll            |       |     4 |    10 |    10 |    22 |    22 ||    68
       Potion            |       |       |       |    13 |    11 |     6 ||    30
 Stab: Sleeping          |     1 |       |       |       |       |       ||     1
       Fleeing           |       |       |       |       |     1 |       ||     1
       Distracted        |       |       |       |       |     1 |       ||     1
  Eat: Chunk             |     1 |     9 |    15 |    10 |    21 |    28 ||    84
       Royal jelly       |       |       |     1 |       |       |       ||     1
       Meat ration       |       |       |       |     2 |     4 |     2 ||     8
       Fruit             |       |       |       |     2 |     2 |     3 ||     7
Armor: Animal skin       |     6 |       |       |       |       |       ||     6
       Chain mail        |    26 |    56 |    63 |       |       |       ||   145
       Plate armour      |       |       |    86 |   229 |   503 |   616 ||  1434
Dodge: Dodged            |    42 |    37 |    94 |   115 |   271 |   409 ||   968
       Deflected         |       |       |       |       |    29 |    23 ||    52
Block: Shield            |       |       |    48 |   167 |   222 |       ||   437
       Rpst.: Scimitar   |       |       |       |       |     1 |       ||     1
